 Dungeon Crawl Stone Soup version 0.31-a0-675-g238779eb0a (webtiles) character file.

Game seed: 10485033466720918868

106 qw the Shooter (level 4, -1/28 HPs)
             Began as a Gargoyle Hunter on Sept 5, 2023.
             Slain by a gnoll
             ... wielding a +0 spear
              (3 damage)
             ... on level 2 of the Dungeon.
             The game lasted 00:00:32 (1587 turns).

qw the Shooter (Gargoyle Hunter)                    Turns: 1587, Time: 00:00:33

Health: -1/28      AC:  8    Str: 15    XL:     4   Next: 84%
Magic:  4/4        EV: 11    Int:  9    God:
Gold:   115        SH:  0    Dex: 15    Spells: 3/3 levels left

rFire   . . .        Y - +0 shortbow
rCold   . . .        (shield currently unavailable)
rNeg    + . .        e - +0 ring mail
rPois   inf          (no helmet)
rElec   +            (no cloak)
rCorr   .            (no gloves)
SInv    .            (no boots)
Will    .....        (no amulet)
Stlth   +            (no ring)
HPRegen 0.24/turn    (no ring)
MPRegen 0.09/turn

%: no passive effects
@: no status effects
A: sickness immunity, AC +3, negative energy resistance 1, electricity
resistance, torment resistance 1, petrification resistance
a: no special abilities


You were on level 2 of the Dungeon.
You visited 1 branch of the dungeon, and saw 2 of its levels.

You collected 115 gold pieces.


Innate Abilities, Weirdness & Mutations

You are immune to sickness and miasma.
Your stone body is resilient. (AC +3)
You are immune to poison.
You resist negative energy. (rN+)
You are resistant to electric shocks. (rElec)
You are resistant to unholy torment.
You are immune to petrification.


   Skills:
 - Level 3.0 Fighting
 + Level 5.4 Ranged Weapons
 - Level 1.4 Armour
 - Level 1.5 Dodging
 - Level 1.1 Stealth


You had 3 spell levels left.
You didn't know any spells.
Your spell library was empty.

Inventory:

Hand Weapons
 Y - a +0 shortbow (weapon)
Armour
 e - a +0 ring mail (worn)
 h - +0 acid dragon scales
Scrolls
 a - a scroll of identify
 c - a scroll of poison {unknown}
 d - a scroll of enchant weapon {unknown}
Potions
 b - a potion of cancellation {unknown}
 f - a potion of haste
 g - a potion of degeneration {unknown}
 i - a potion of enlightenment {unknown}
 k - 2 potions of curing {unknown}

Dungeon Overview and Level Annotations

Branches:
Dungeon (2/15)

Altars:


Message History

The gnoll misses you.
Enter note:
Enter note:
1580 |||
Found retreat position at 2,-1 (gnoll; floor) with 0 blocking monsters and 2 monsters attacking at destination at distance 2
1580 ||| Stepping ~*~*~tactically~*~*~ (retreating).
The gnoll hits you with a +0 club.
The gnoll hits you from afar with a +0 spear.
The gnoll barely misses you.
Enter note:
Enter note:
1581 |||
Found retreat position at 1,0 (gnoll; floor) with 0 blocking monsters and 2 monsters attacking at destination at distance 1 You shoot an arrow.
The arrow hits the gnoll.
The gnoll is severely wounded.
The gnoll hits you but does no damage. The gnoll barely misses you.
The gnoll hits you with a +0 flail.
1582 |||
Found retreat position at 1,0 (gnoll; floor) with 0 blocking monsters and 2 monsters attacking at destination at distance 1 You shoot an arrow.
The arrow closely misses the gnoll.
The gnoll hits you but does no damage. The gnoll barely misses you.
The gnoll hits you with a +0 flail.
1583 |||
Found retreat position at 1,0 (gnoll; floor) with 0 blocking monsters and 2 monsters attacking at destination at distance 1 You shoot an arrow.
The arrow completely misses the gnoll.
The gnoll hits you from afar with a +0 spear.
The gnoll hits you with a +0 club! The gnoll completely misses you.
1584 |||
Found retreat position at 1,0 (gnoll; floor) with 0 blocking monsters and 2 monsters attacking at destination at distance 1 You shoot an arrow.
The arrow closely misses the gnoll.
The gnoll hits you from afar with a +0 spear.
The gnoll hits you but does no damage. The gnoll barely misses you.
The gnoll misses you. x2
1585 |||
Found retreat position at 1,0 (gnoll; floor) with 0 blocking monsters and 2 monsters attacking at destination at distance 1 You shoot an arrow.
The arrow hits the gnoll.
You kill the gnoll!
The gnoll closely misses you. The gnoll completely misses you.
You shoot an arrow.
The arrow hits the gnoll but does no damage.
The gnoll is moderately wounded.
The gnoll misses you. The gnoll barely misses you.
You shoot an arrow. The arrow hits the gnoll.
The gnoll is severely wounded.
The gnoll hits you from afar with a +0 spear.
You die...

#.......#
#..######
#..#...#
#..#.#.#
#..#.#.#
#....#.#
##.###.#
#.###.# #######
#.#...# #)@gg.#
#.#.#####.###.#
#.#.......).#g#
#.###########g#
#.. [# ### ##
..# #.## #..#


You could see 2 gnolls.

Vanquished Creatures
  5 gnolls (D:2)
  An adder (D:2)
  A worm (D:2)
  3 dart slugs (D:1)
  4 endoplasms
  A giant cockroach (D:1)
  2 goblins
  2 hobgoblins
  4 jackals (D:1)
  A kobold (D:1)
  2 quokkas
  8 ball pythons
  3 bats
  3 frilled lizards
  A rat (D:1)
41 creatures vanquished.

Notes
Turn   | Place    | Note
-------+----------+-------------------------------------------
     0 | D:1      | qw the Gargoyle Hunter began the quest for the Orb.
     0 | D:1      | Reached XP level 1. HP: 12/12 MP: 1/1
     0 | D:1      | 0 ||| qw: Version: 0.3-a-75-gb5c8c4b
     0 | D:1      | 0 ||| qw: Game counter: 27
     0 | D:1      | 0 ||| qw: Melee chars always use a shield: true
     0 | D:1      | 0 ||| qw: God list: Okawaru
     0 | D:1      | 0 ||| qw: Allow faded altars: false
     0 | D:1      | 0 ||| qw: Do Orc after clearing Dungeon:15 true
     0 | D:1      | 0 ||| qw: Do second Lair branch before Depths: true
     0 | D:1      | 0 ||| qw: Lair rune preference: random
     0 | D:1      | 0 ||| qw: Goals: Normal
     0 | D:1      | 0 ||| PLANNING D:1-11
   160 | D:1      | Reached XP level 2. HP: 17/17 MP: 2/2
   679 | D:1      | Reached XP level 3. HP: 21/21 MP: 3/3
   705 | D:1      | Reached skill level 5 in Ranged Weapons
   975 | D:1      | 975 ||| UPGRADING to +0 ring mail.
   985 | D:1      | 985 ||| DROPPING +0 leather armour.
   986 | D:1      | 986 ||| READING 3 scrolls labelled IHIUMOKLAS.
   987 | D:1      | 987 ||| READING scroll labelled MIAPLULL LUSTO.
   988 | D:1      | 988 ||| READING scroll labelled KUOROA ZUAR.
   993 | D:1      | 993 ||| READING 2 scrolls of identify.
   993 | D:1      | 993 ||| IDENTIFYING viscous black potion
   994 | D:1      | 994 ||| DROPPING scroll of butterflies.
  1198 | D:2      | Reached skill level 1 in Armour
  1207 | D:2      | Reached XP level 4. HP: 19/27 MP: 4/4
  1209 | D:2      | Reached skill level 3 in Fighting
  1575 | D:2      | 1575 ||| Stepping ~*~*~tactically~*~*~ (retreating).
  1576 | D:2      | 1576 ||| FLEEEEING.
  1577 | D:2      | 1577 ||| FLEEEEING.
  1580 | D:2      | 1580 ||| Stepping ~*~*~tactically~*~*~ (retreating).
  1583 | D:2      | HP: 5/28 [gnoll/+0 club (7)]
  1584 | D:2      | HP: 2/28 [gnoll/+0 spear (4)]
  1587 | D:2      | Slain by a gnoll

Levels and vault maps discovered:
D:1:      psy_arrival_spokes, layout_loops_corners
D:2:      layout_basic

Skill      XL: |  1  2  3  4 |
---------------+-------------+-----
Ranged Weapons | 5 |  5.4
Armour         | 1 |  1.4
Fighting       | 3 |  3.0
Dodging        | |  1.5
Stealth        | |  1.1

Action                     |  1- 3 |  4- 6 || total
---------------------------+-------+-------++-------
   Fire: Shortbow          |   104 |    33 ||   137
    Use: Scroll            |     4 |       ||     4
 Armour: Leather armour    |    25 |       ||    25
         Ring mail         |    12 |    16 ||    28
  Dodge: Dodged            |    39 |    13 ||    52

Table legend:
 A = Non-vault XP
 B = Vault XP
 C = Vault XP percentage of total XP
 D = Non-vault monster count
 E = Vault monster count
 F = Vault count percentage of total count
                 A         B        C        D         E       F
            +---------+---------+-------+---------+---------+-------
      Total |     152 |       0 |   0.0 |      41 |       0 |   0.0
            +---------+---------+-------+---------+---------+-------
        D:1 |      46 |       0 |   0.0 |      24 |       0 |   0.0
        D:2 |     106 |       0 |   0.0 |      17 |       0 |   0.0
            +---------+---------+-------+---------+---------+-------
